 Dungeon Crawl Stone Soup version 0.17-a0-1996-gd2c0ec8 (webtiles) character file.

2 Sixotanaka the Digger (level 1, 0/11 HPs)
             Began as an Octopode Earth Elementalist on Oct 7, 2015.
             Slain by a jackal (2 damage)
             ... on level 1 of the Dungeon.
             The game lasted 00:00:36 (87 turns).

Sixotanaka the Digger (Octopode Earth Elementalist)   Turns: 87, Time: 00:00:36

Health: 0/11       AC:  1    Str:  7    XL:     1   Next: 30%
Magic:  0/3        EV: 12    Int: 17    God:
Gold:   0          SH:  0    Dex: 12    Spells: 1 memorised, 3 levels left

rFire  . . .     SeeInvis .     a - 16 stones
rCold  . . .     Clarity  .     (no shield)
rNeg   . . .     SustAt   .     (helmet restricted)
rPois  .         Gourm    .     (no amulet)
rElec  .         Spirit   .     (no ring)
rCorr  .         Warding  .     (no ring)
rMut   .         Stasis   .     (no ring)
MR     .....                    (no ring)
Stlth  +++.......               (no ring)
                                (no ring)
                                (no ring)
                                (no ring)

@: not resistant to hostile enchantments, fairly stealthy
A: almost no armour, amphibious, 8 rings, constrict 8, camouflage 1, gelatinous
body 1
a: no special abilities


You were on level 1 of the Dungeon.
You were not hungry.

You visited 1 branch of the dungeon, and saw 1 of its levels.


Innate Abilities, Weirdness & Mutations

You cannot wear most types of armour.
You are amphibious.
You can wear up to eight rings at the same time.
You can use your tentacles to constrict eight enemies at once.
Your skin changes colour to match your surroundings (Stealth).
Your rubbery body absorbs attacks (AC +1).


   Skills:
 - Level 2.0 Dodging
 - Level 2.6 Stealth
 - Level 2.0 Spellcasting
   Level 1.0 Transmutations
 + Level 3.1 Earth Magic


You had 3 spell levels left.
You knew the following spells:

 Your Spells              Type           Power        Failure   Level  Hunger
z - Sandblast             Erth           ##....       6%          1    #......


Dungeon Overview and Level Annotations

Branches:
Dungeon (1/15)

Altars:

Inventory:

Missiles
 a - 16 stones (in tentacle)
Scrolls
 d - 2 scrolls of identify {unknown}
 e - a scroll of remove curse {unknown}
Potions
 g - a potion of mutation {unknown}
Books
 b - a book of Geomancy
Comestibles
 c - a bread ration
 f - a chunk of flesh

+........(..+
#...........#
+.........รท.#
#...........# #.
#...........#
#...###...........#######
#.>..h'...........'.....##
#Kh.........#####..#
#.(@........# ##.#
############# #.# #.# #.#
#.# #.# #.. ##. #.


You could see 2 jackals and a kobold.


Message History

Found a scroll labeled RUCRUI HUEF YLUZ.
Found a staircase leading out of the dungeon.
d - a scroll labeled RUCRUI HUEF YLUZ
Found 34 bolts.
You see here 34 bolts.
You open the door.
A rat comes into view.
Found a scroll labeled RUCRUI HUEF YLUZ and 23 arrows.
There is an open door here.
Found a scroll labeled FOYM MARUBBO.
The helpless rat fails to defend itself.
You tentacle-slap the rat. Your grab misses the rat. The rat barely misses you.
You closely miss the rat. You grab the rat.
You constrict the rat, but do no damage.
The rat barely misses you.
You tentacle-slap the rat.
You kill the rat!
You see here a rat corpse.
You butcher the rat corpse.
f - a chunk of flesh You see here a rat skeleton.
d - 2 scrolls labeled RUCRUI HUEF YLUZ (gained 1)
Found a coppery potion.
e - a scroll labeled FOYM MARUBBO
g - a coppery potion You open the door. 4 jackals come into view.
The jackal barks!
Found a stone staircase leading down.
A kobold comes into view. It is wielding a short sword.
You aren't carrying any wearable armour.
Unknown command.
Wield which item (- for none, * to show all)? (? for menu, Esc to quit)
a - 20 stones (in tentacle)
The jackal bites you.
Casting: Sandblast
Aiming: Sandblast
Aim: a jackal The rocky blast hits the jackal.
The jackal barks! x2
The kobold shouts!
The jackal misses you.
Casting: Sandblast
Aiming: Sandblast
Aim: a kobold, wielding a short sword The rocky blast hits the jackal.
The jackal barely misses you.
Casting: Sandblast
Aiming: Sandblast
Aim: a jackal The rocky blast hits the jackal.
You kill the jackal!
Casting: Sandblast You don't have enough magic to cast that spell.
Really attack while wielding your 17 stones? [Y]es or [N]o only, please.
Really attack while wielding your 17 stones?
Okay, then.
Really attack while wielding your 17 stones?
You clumsily bash the jackal but do no damage.
Your grab misses the jackal. The jackal bites you. The jackal bites you.
* * * LOW HITPOINT WARNING * * *
Aim: a jackal You throw a stone.
The stone closely misses the jackal.
The stone hits the jackal.
The jackal barely misses you.
The kobold throws a stone.
The stone closely misses you.
You see here a stone.
The jackal bites you.
* * * LOW HITPOINT WARNING * * *
The jackal bites you.
You die...

Action                   || total
-------------------------++-------
Melee: Unarmed           ||     3
Throw: Stone             ||     1
 Cast: Sandblast         ||     3
 Stab: Sleeping          ||     1

Vault maps used:
D:1:      minmay_arrival_loop, minmay_misc_feat_ornament

Notes
Turn   | Place    | Note
--------------------------------------------------------------
     0 | D:1      | Sixotanaka the Octopode Earth Elementalist began the quest for the Orb.
     0 | D:1      | Reached XP level 1. HP: 11/11 MP: 3/3
    87 | D:1      | HP: 2/11 [jackal (2)]
    87 | D:1      | Slain by a jackal

Vanquished Creatures
  A jackal (D:1)
  A rat (D:1)
2 creatures vanquished.
